 Dungeon Crawl Stone Soup version 0.31-a0-557-g6e16503903 (webtiles) character file.

Game seed: 1383024130017057424

203 Shayle the Changeling (level 5, -9/54 HPs)
             Began as an Ogre Shapeshifter on Aug 16, 2023.
             Mangled by an ogre
             ... wielding a +0 giant spiked club
              (34 damage)
             ... on level 4 of the Dungeon.
             The game lasted 00:05:25 (2664 turns).

Shayle the Changeling (Ogre Shapeshifter)           Turns: 2664, Time: 00:05:26

Health: -9/54      AC: -1    Str: 19    XL:     5   Next: 81%
Magic:  5/5        EV: 10    Int: 11    God:
Gold:   136        SH:  0    Dex:  9    Spells: 4/4 levels left

rFire   . . .        n - +2 war axe (heavy)
rCold   . . .        (no shield)
rNeg    . . .        a - +0 animal skin
rPois   .            (helmet currently unavailable)
rElec   .            (cloak currently unavailable)
rCorr   .            (gloves unavailable)
SInv    .            (boots unavailable)
Will    .....        (no amulet)
Stlth   +            (no ring)
HPRegen 0.29/turn    (no ring)
MPRegen 0.09/turn

%: no passive effects
@: beast-form, corroded
A: beast (slay +2), large, unfitting armour, tough skin 1
a: Begin Untransformation


You were on level 4 of the Dungeon.
You were a hulking beast.
You visited 1 branch of the dungeon, and saw 4 of its levels.

You collected 136 gold pieces.

Inventory:

Hand Weapons
 n - a +2 heavy war axe (weapon)
Armour
 a - a +0 animal skin (worn)
 m - a +1 hat
Talismans
 c - a beast talisman (active)
 d - a flux talisman
Scrolls
 e - 3 scrolls of noise {unknown}
 f - 3 scrolls of identify {unknown}
 h - 4 scrolls of teleportation {unknown}
 i - a scroll of enchant weapon {unknown}
 j - 2 scrolls of brand weapon {unknown}
 k - 2 scrolls of fear {unknown}
 l - a scroll of acquirement {unknown}
 p - a scroll of blinking {unknown}
Potions
 b - a potion of enlightenment {unknown}
 g - a potion of heal wounds {unknown}
 o - a potion of invisibility {unknown}
 q - 2 potions of curing
 r - a potion of ambrosia {unknown}
 s - a potion of brilliance {unknown}


   Skills:
 + Level 3.7 Fighting
 + Level 3.0 Dodging
 + Level 3.6 Unarmed Combat
 + Level 3.7 Shapeshifting


You had 4 spell levels left.
You didn't know any spells.
Your spell library was empty.

Dungeon Overview and Level Annotations

Branches:
Dungeon (4/15)
 Temple: D:4-7

Altars:
Fedhas
Sif Muna


Innate Abilities, Weirdness & Mutations

You are a hulking beast.
Your limbs bulge with bestial killing power. (Slay +2)
You are too large for most types of armour.
You have tough skin. (AC +1)


Message History

You climb downwards.
There is a stone staircase leading up here.
Found a sling.
You see here a +0 sling.
A ball python comes into view.
The ball python hisses angrily.
A ball python is nearby!
The ball python barely misses you.
You slash the ball python!
You kill the ball python!
A kobold comes into view.
It is wielding a +0 dagger and quivering poisoned darts.
The kobold shouts!
You hear a shout!
A hobgoblin comes into view.
The kobold throws a poisoned dart.
The poisoned dart hits you!
You are poisoned.
You feel very sick.
A jelly and an ogre come into view.
Found 2 blue potions.
You feel sick.
A quokka comes into view.
You feel sick.
The jelly quivers.
You feel sick. The kobold barely misses you.
You feel sick. The kobold hits you but does no damage.
You closely miss the kobold.
You feel sick.
A scorpion comes into view.
The kobold hits you with a +0 dagger. x2; The hobgoblin hits you.
You slash the kobold!
You kill the kobold!
You completely miss the hobgoblin.
You feel sick.
You are no longer poisoned.
The hobgoblin barely misses you. The ogre barely misses you.
The hobgoblin hits you.
You slash the ogre!
The ogre is heavily wounded.
You hit the hobgoblin. You hit the jelly. The acid corrodes you!
Your hands burn!
The jelly hits you.
You are splashed with acid!
The hobgoblin closely misses you.
The ogre hits you with a +0 giant spiked club!!
Ouch! That really hurt!
You die...

~~r~ ## ~#.#
~### #..
..J!..'. #.#
~#.#~~# ##.###s
O~~# #.....# .~#
#..#.O##'######
#..#.hgr.......
##..#..J..#.....
#.........#.####
#..####.###.#
#..# #.# #.#
#..# #.# #.#
#..# #.# #.# ###
.. #######..#
#.# #.# #.. ##..
.........# ..#
#.# #.# <...


You could see an ogre, a scorpion, a jelly, a quokka and a hobgoblin.

Vanquished Creatures
  A scorpion (D:3)
  An orc priest (D:3)
  Jessica (D:3)
  An adder (D:2)
  2 dart slugs
  8 orcs (D:3)
  2 ball pythons
  3 endoplasms
  5 giant cockroaches
  A goblin (D:3)
  9 hobgoblins
  9 jackals
  5 quokkas
  5 frilled lizards
  6 kobolds
  A rat (D:1)
60 creatures vanquished.

Notes
Turn   | Place    | Note
-------+----------+-------------------------------------------
     0 | D:1      | Shayle the Ogre Shapeshifter began the quest for the Orb.
     0 | D:1      | Reached XP level 1. HP: 19/19 MP: 1/1
   112 | D:1      | Reached XP level 2. HP: 28/28 MP: 2/2
   362 | D:1      | Reached XP level 3. HP: 26/35 MP: 3/3
   424 | D:1      | Found a faded altar of an unknown god.
  1114 | D:2      | Found a shimmering blue altar of Sif Muna.
  1540 | D:3      | Noticed a scorpion
  1550 | D:3      | Reached XP level 4. HP: 31/44 MP: 4/4
  1567 | D:3      | Killed a scorpion
  1568 | D:3      | Reached XP level 5. HP: 6/53 MP: 5/5
  2132 | D:3      | Noticed Jessica
  2137 | D:3      | Killed Jessica
  2265 | D:3      | Found a blossoming altar of Fedhas.
  2658 | D:4      | Noticed an ogre
  2664 | D:4      | Mangled by an ogre

Illustrated notes

Levels and vault maps discovered:
D:1:      dpeg_arrival_simpleton_a, layout_basic,
          shapermc_ecumenical_altar_flowoftime
D:2:      layout_basic, basic_altar, amcnicky_mini_corridor_feature
D:3:      layout_loops_cross, mainiacjoe_overflow_surrounded_room, uniq_jessica
D:4:      layout_loops_ring, mainiacjoe_overflow_small_starburst,
          kennysheep_small_circle

Skill      XL: |  1  2  3  4  5 |
---------------+----------------+-----
Dodging        | 2 3 |  3.0
Fighting       | 2 3 |  3.7
Unarmed Combat | 3 |  3.6
Shapeshifting  | |  3.7

Action                     |  1- 3 |  4- 6 || total
---------------------------+-------+-------++-------
  Melee: Unarmed           |   115 |    28 ||   143
         Punch             |       |     1 ||     1
         War axe           |       |    25 ||    25
    Use: Potion            |       |     3 ||     3
   Stab: Sleeping          |       |     1 ||     1
 Armour: Animal skin       |    31 |    12 ||    43
         Skin              |       |     5 ||     5
  Dodge: Dodged            |    64 |    24 ||    88

Table legend: (Time is in decaauts)
 A = Elapsed time spent in this place.
 B = Non-inter-level travel time spent in this place.
 C = Inter-level travel time spent in this place.
 D = Time resting spent in this place.
 E = Time spent auto-exploring this place.
 F = Levels seen in this place.
 G = Mean time per level.
                   A        B        C        D        E       F      G
               +--------+--------+--------+--------+--------+-----+--------+
         Total |   2685 |   2605 |     80 |    293 |   1793 |   4 |  671.2 |
       Dungeon |   2685 |   2605 |     80 |    293 |   1793 |   4 |  671.2 |
               +--------+--------+--------+--------+--------+-----+--------+

Top non-repeatable levels by time:
     D:3: 1024 daAuts
     D:2: 874 daAuts
     D:1: 595 daAuts
     D:4: 191 daAuts
